 Dungeon Crawl Stone Soup version 0.26-a0-712-ga5a9c9c9d0 (webtiles) character file.

Game seed: 17817757773129279323

44 kae the Insei (level 3, -2/20 HPs)
             Began as a Tengu Transmuter on Nov 12, 2020.
             Slain by Natasha (4 damage)
             ... on level 2 of the Dungeon.
             The game lasted 00:00:56 (1533 turns).

kae the Insei (Tengu Transmuter)                    Turns: 1533, Time: 00:00:56

Health: -2/20      AC:  2    Str: 10 (11) XL:     3   Next: 60%
Magic:  6/7        EV: 15    Int: 11 (13) God:
Gold:   90         SH:  0    Dex: 13 (14) Spells: 2/6 levels left

rFire    . . .     SeeInvis .     - Unarmed
rCold    . . .     Faith    .   (no shield)
rNeg     . . .     Spirit   .   a - +0 robe
rPois    .         Reflect  .   (helmet currently unavailable)
rElec    .         Harm     .   (no cloak)
rCorr    .         Rampage  .   (no gloves)
MR       .....                  (boots unavailable)
Stlth    +.........             (no amulet)
HPRegen  0.06/turn              (no ring)
MPRegen  0.10/turn              (no ring)

@: appendages (expiring), flying quickly and evasively, very slightly
contaminated, hasted, invisible, very quick
A: beak, horns 2, talons 3
a: End Transformation


You were on level 2 of the Dungeon.
You had grown temporary horns.
You visited 1 branch of the dungeon, and saw 2 of its levels.

You collected 90 gold pieces.

Inventory:

Armour
 a - a +0 robe (worn)
Scrolls
 b - 2 scrolls of enchant armour {unknown}
 c - 4 scrolls of remove curse {unknown}
 e - a scroll of enchant weapon {unknown}


   Skills:
 + Level 1.6 Fighting
 + Level 2.5 Dodging
 * Level 3.9 Unarmed Combat
 - Level 2.0 Spellcasting
 * Level 2.2 Transmutations


You had 2 spell levels left.
You knew the following spells:

 Your Spells              Type           Power        Failure   Level
a - Beastly Appendage     Tmut           #.....       12%         1
b - Spider Form           Tmut/Pois      #.........   50%         3

Your spell library contained the following spells:

 Spells                   Type           Power        Failure   Level
 Wereblood                Tmut           #.......     19%         2
 Ice Form                 Ice/Tmut       #.......     88%         4
 Blade Hands              Tmut           #.........   97%         5


Dungeon Overview and Level Annotations

Branches:
Dungeon (2/15)

Altars:

Annotations:
D:2 Natasha


Innate Abilities, Weirdness & Mutations

You have a beak for a mouth.
You have claws for feet.
You have a pair of horns on your head.


Message History

Okay, then.
It was a potion of haste.
You feel yourself speed up.
Natasha mumbles some strange words.
It was a potion of flight.
You feel very buoyant.
You swoop lightly up into the air.
Natasha claws you.
* * * LOW HITPOINT WARNING * * *
It was a potion of invisibility.
You fade into invisibility!
Natasha misses you.
You are very lightly contaminated with residual magic.
It was a potion of degeneration.
There was something very wrong with that liquid.
You feel weakened.
You feel dopey.
You feel clumsy.
Your transformation is almost over.
You barely miss Natasha. You claw Natasha. Your headbutt misses Natasha.
Your peck misses Natasha.
Natasha is moderately wounded.
Natasha claws you.
You die...

#.# #.##
#..# ##.#
#.# #### #.#
... #.# ##.#
#.#
##...###@#
###.....##h#
#........5g#
#.#.....####
##...## ##.#
#. #. #


You could see an iron imp (summoned), Natasha and a goblin.

Vanquished Creatures
  An adder (D:2)
  A dart slug (D:1)
  2 leopard geckos
  A giant cockroach (D:1)
  5 hobgoblins
  8 jackals
  4 bats
  A kobold (D:1)
  4 rats (D:1)
27 creatures vanquished.

Notes
Turn   | Place    | Note
-------+----------+-------------------------------------------
     0 | D:1      | kae the Tengu Transmuter began the quest for the Orb.
     0 | D:1      | Reached XP level 1. HP: 12/12 MP: 4/4
   381 | D:1      | Reached XP level 2. HP: 16/16 MP: 6/6
  1119 | D:2      | Reached XP level 3. HP: 20/20 MP: 5/7
  1127 | D:2      | Learned a level 3 spell: Spider Form
  1516 | D:2      | Noticed Natasha
  1533 | D:2      | Slain by Natasha

Illustrated notes

Levels and vault maps discovered:
D:1:      dpeg_arrival_boxorama, layout_basic
D:2:      layout_loops_ring, nicolae_overflow_hidden_temple,
          nicolae_overflow_crystal_walls, uniq_natasha

Skill      XL: |  1  2 |
---------------+-------+-----
Transmutations | 2 |  2.2
Fighting       | |  1.6
Dodging        | |  2.5
Unarmed Combat | |  3.9
Spellcasting   | |  2.0

Action                   || total
-------------------------++-------
Melee: Unarmed           ||    62
       Kick              ||    11
       Peck              ||     6
       Headbutt          ||     4
 Cast: Beastly Appendage ||    14
  Use: Potion            ||     4
 Stab: Sleeping          ||     2
Armor: Robe              ||     9
Dodge: Dodged            ||    50

Table legend: (Time is in decaauts)
 A = Elapsed time spent in this place.
 B = Non-inter-level travel time spent in this place.
 C = Inter-level travel time spent in this place.
 D = Time resting spent in this place.
 E = Time spent auto-exploring this place.
 F = Levels seen in this place.
 G = Mean time per level.
                   A        B        C        D        E       F      G
               +--------+--------+--------+--------+--------+-----+--------+
         Total |   1528 |   1519 |      9 |     16 |   1331 |   2 |  764.0 |
       Dungeon |   1528 |   1519 |      9 |     16 |   1331 |   2 |  764.0 |
               +--------+--------+--------+--------+--------+-----+--------+

Top non-repeatable levels by time:
     D:1: 1113 daAuts
     D:2: 414 daAuts
